 Dungeon Crawl Stone Soup version 0.19.4-8-ga85b6b9 (webtiles) character file.

153 LORDOFBUTT the Sneak (level 5, -1/24 HPs)
             Began as a Spriggan Enchanter on Feb 11, 2017.
             Slain by rozman's ghost (7 damage)
             ... in an ossuary.
             The game lasted 00:05:57 (2988 turns).

LORDOFBUTT the Sneak (Spriggan Enchanter)           Turns: 2988, Time: 00:05:58

Health: -1/24      AC:  3    Str:  5    XL:     5   Next: 12%
Magic:  2/12       EV: 18    Int: 17    God:
Gold:   213        SH:  0    Dex: 16    Spells: 3 memorised, 6 levels left

rFire  + . .     SeeInvis +     h - +1 short sword (venom)
rCold  x . .     Gourm    .     b - +1 robe
rNeg   . . .     Faith    .     (shield restricted)
rPois  .         Spirit   .     (helmet restricted)
rElec  .         Reflect  .     (no cloak)
rCorr  .         Harm     .     (gloves unavailable)
MR     .....                    (boots unavailable)
Stlth  +++.......               (no amulet)
                                (no ring)
                                a - ring of fire

@: very slightly contaminated, very quick
A: unfitting armour, see invisible, herbivore 3, speed 3, slow metabolism 2
a: no special abilities


You were in an ossuary.
You were not hungry.

You visited 1 branch of the dungeon, and saw 4 of its levels.
You also visited: Ossuary.

You collected 213 gold pieces.

Inventory:

Hand Weapons
 h - a +1 short sword of venom (weapon)
Armour
 b - a +1 robe (worn)
Jewellery
 a - a ring of fire (left hand)
 n - an uncursed amulet of the gourmand {unknown}
 t - an uncursed ring of protection from fire {unknown}
Wands
 q - a wand of acid (6/15)
Scrolls
 e - a scroll of enchant armour {unknown}
 f - a scroll of blinking
 j - 2 scrolls of random uselessness {unknown}
 k - 3 scrolls of remove curse {unknown}
 l - 3 scrolls of teleportation {unknown}
 r - 2 scrolls of enchant weapon {unknown}
 x - a scroll of fog {unknown}
 y - a scroll of magic mapping {unknown}
Potions
 i - 2 potions of degeneration
 o - a potion of flight
 p - a potion of agility
 s - 3 potions of curing
 u - a potion of resistance
 v - a potion of brilliance {unknown}
Books
 c - a book of Maledictions

   Spells                             Type                      Level
   a - Corona                         Hexes                        1
   b - Ensorcelled Hibernation        Hexes/Ice                    2
   c - Confuse                        Hexes                        3
   d - Tukima's Dance                 Hexes                        3
   e - Dazzling Spray                 Conjuration/Hexes            3
 w - a book of Necromancy

   Spells                             Type                      Level
   a - Pain                           Necromancy                   1
   b - Animate Skeleton               Necromancy                   1
   c - Vampiric Draining              Necromancy                   3
   d - Regeneration                   Charms/Necromancy            3
   e - Animate Dead                   Necromancy                   4
   f - Control Undead                 Necromancy                   4
Comestibles
 d - 4 bread rations


   Skills:
 + Level 1.4 Short Blades
 - Level 3.0 Dodging
 - Level 4.9 Stealth
 - Level 4.2 Spellcasting
 - Level 4.7 Hexes
 - Level 2.1 Ice Magic


You had 6 spell levels left.
You knew the following spells:

 Your Spells              Type           Power        Failure   Level  Hunger
a - Corona                Hex            ###....      2%          1    None
b - Ensorcelled Hibernat  Hex/Ice        ###...       10%         2    ##.....
c - Confuse               Hex            ###.....     10%         3    ###....


Dungeon Overview and Level Annotations

Branches:
Dungeon (4/15)
 Temple: D:4-7

Altars:
Nemelex Xobeh

Annotations:
Ossuary rozman's ghost, amateur MiMo


Innate Abilities, Weirdness & Mutations

You are very small and have problems with some larger weapons.
You are too small for most types of armour.
You have supernaturally acute eyesight. (SInv)
You are a herbivore.
You cover ground extremely quickly.
You need consume almost no food.


Message History

Blink to where?
Press: ? - help, Dir - move target cursor You are very lightly contaminated with residual magic.
As you read the scroll of blinking, it crumbles to dust.
Casting: Confuse
Confirm with . or Enter, or press ? or * to list all spells.
Aiming: Confuse
Press: ? - help, Shift-Dir - straight line, f - rozman's ghost
Aim: rozman's ghost (chance to defeat MR: 37%) Rozman's ghost appears confused.
You hit rozman's ghost.
Rozman's ghost is lightly damaged.
You hit rozman's ghost.
Rozman's ghost is lightly damaged.
You hit rozman's ghost but do no damage.
Rozman's ghost is lightly damaged.
You hit rozman's ghost but do no damage.
Rozman's ghost is lightly damaged.
Rozman's ghost hits you!
You die...

.........Z.........#
.....########......#
..#### ####...# .##
##Z.# .# +..# .##
##..# ..####
####Z..#
.....########......#
...............W@..#
.......∩..∩........#
####################


You could see rozman's ghost (confused), a hound zombie and a goblin zombie.

Vanquished Creatures
  An orc wizard (D:4)
  A worker ant (D:4)
  3 adders
  2 oozes
  An adder zombie (Ossuary)
  2 worms
  A dart slug (D:2)
  2 leopard geckos
  3 orcs
  6 bats
  3 giant cockroaches
  4 goblins
  4 hobgoblins
  A quokka (D:3)
  2 frilled lizards
  2 goblin zombies (Ossuary)
  5 hobgoblin zombies (Ossuary)
  A jackal zombie (Ossuary)
  5 kobolds
  A kobold zombie (Ossuary)
  5 rats
  A rat zombie (Ossuary)
56 creatures vanquished.

Notes
Turn   | Place    | Note
-------+----------+-------------------------------------------
     0 | D:1      | LORDOFBUTT the Spriggan Enchanter began the quest for the Orb.
     0 | D:1      | Reached XP level 1. HP: 9/9 MP: 5/5
   333 | D:1      | Reached XP level 2. HP: 8/13 MP: 7/7
   690 | D:2      | Reached XP level 3. HP: 16/16 MP: 9/9
  1129 | D:2      | Found a sparkling altar of Nemelex Xobeh.
  1498 | D:3      | Reached XP level 4. HP: 20/21 MP: 11/11
  1502 | D:3      | Learned a level 2 spell: Ensorcelled Hibernation
  1506 | D:3      | Learned a level 3 spell: Confuse
  2118 | D:4      | Reached skill level 1 in Ice Magic
  2316 | D:4      | Reached XP level 5. HP: 24/24 MP: 12/12
  2467 | D:4      | Found a sand-covered staircase.
  2473 | Ossuary  | Entered an ossuary
  2770 | Ossuary  | Noticed rozman's ghost (amateur MiMo)
  2988 | Ossuary  | Slain by rozman's ghost

Skill      XL: |  1  2  3  4 |
---------------+-------------+-----
Spellcasting   | 3 4 |  4.2
Hexes          | 4 |  4.7
Ice Magic      | 2 |  2.1
Short Blades   | |  1.4
Dodging        | |  3.0
Stealth        | |  4.9

Action                   |  1- 3 |  4- 6 || total
-------------------------+-------+-------++-------
Melee: Dagger            |    27 |       ||    27
       Short sword       |    61 |   123 ||   184
 Cast: Ensorcelled Hiber |       |     1 ||     1
       Confuse           |       |     9 ||     9
  Use: Scroll            |       |     7 ||     7
       Potion            |       |     1 ||     1
 Stab: Sleeping          |    12 |     8 ||    20
       Confused          |       |     2 ||     2
  Eat: Pizza             |       |     2 ||     2
Armor: Robe              |    11 |    19 ||    30
Dodge: Dodged            |    56 |   101 ||   157
